 Dungeon Crawl Stone Soup version 0.25-a0-667-gb977e01cb5 (webtiles) character file.

Game seed: 7159199904926932655, levelgen mode: deterministic

2525 MisterFreud the Shield-Bearer (level 9, -12/74 HPs)
             Began as a Gnoll Fighter on Mar 27, 2020.
             Was a Believer of Ashenzari.
             Mangled by a two-headed ogre
             ... wielding a +0 giant club
              (13 damage)
             ... on level 9 of the Dungeon.
             The game lasted 00:13:00 (6812 turns).

MisterFreud the Shield-Bearer (Gnoll Fighter)       Turns: 6812, Time: 00:13:01

Health: -12/74     AC: 17    Str: 18      XL:     9   Next: 54%
Magic:  15/15      EV:  8    Int: 14      God:    Ashenzari [**....]
Gold:   195        SH: 11    Dex: 14 (15) Spells: 16/16 levels left

rFire    . . .     SeeInvis .   x - +1 short sword (vamp) (curse)
rCold    . . .     Gourm    .   c - +0 kite shield (curse)
rNeg     . . .     Faith    .   O - +0 chain mail (curse)
rPois    .         Spirit   .   (no helmet)
rElec    .         Reflect  .   k - +0 cloak (curse)
rCorr    .         Harm     .   w - +0 pair of gloves (curse)
MR       .....                  (no boots)
Stlth    ..........             (no amulet)
HPRegen  0.22/turn              m - ring of attention (curse)
MPRegen  0.14/turn              I - +3 ring of protection

@: no status effects
A: distributed training, fangs 1, strong nose
a: Curse Item, Scrying, Renounce Religion


You were on level 9 of the Dungeon.
You worshipped Ashenzari.
Ashenzari was pleased with you.
You were very hungry.

You visited 1 branch of the dungeon, and saw 9 of its levels.

You collected 366 gold pieces.
You spent 171 gold pieces at shops.

Inventory:

Hand Weapons
 a - a +0 rapier
 x - a cursed +1 vampiric short sword (weapon)
Missiles
 g - 237 stones (quivered)
 o - 19 arrows
 v - 58 sling bullets
 B - 21 bolts
 C - 2 throwing nets
 G - 21 poisoned darts
 N - 3 curare-tipped darts
 P - 4 boomerangs
Armour
 b - a +0 scale mail
 c - a cursed +0 kite shield (worn)
 k - a cursed +0 cloak (worn)
 w - a cursed +0 pair of gloves (worn)
 O - a cursed +0 chain mail (worn)
Jewellery
 m - a cursed ring of attention (left hand)
 y - an uncursed ring of fire
 I - a +3 ring of protection (right hand)
 L - an uncursed ring of protection from fire
Wands
 d - a wand of paralysis (2)
 H - a wand of iceblast (4)
 Q - a wand of disintegration (15)
Scrolls
 j - 6 scrolls of identify
 n - a scroll of noise {unknown}
 p - 9 scrolls of teleportation {unknown}
 q - 4 scrolls of remove curse
 r - 3 scrolls of fear {unknown}
 t - 2 scrolls of random uselessness {unknown}
 u - a scroll of immolation
 z - 3 scrolls of enchant armour {unknown}
 A - 3 scrolls of fog {unknown}
 D - a scroll of enchant weapon {unknown}
 E - a scroll of torment {unknown}
 J - a scroll of amnesia {unknown}
 R - a scroll of blinking {unknown}
Potions
 e - a potion of lignification
 h - 4 potions of curing
 i - a potion of berserk rage
 l - a potion of stabbing
 s - 2 potions of heal wounds
 F - 3 potions of resistance
 K - a potion of cancellation {unknown}
 M - a potion of haste {unknown}
Comestibles
 f - 19 rations


   Skills:
 + Level 7.9 Fighting
 + Level 6.3(8.7) Short Blades
 + Level 4.2 Long Blades
 + Level 4.2 Axes
 + Level 4.2 Maces & Flails
 + Level 4.2 Polearms
 + Level 4.2 Staves
 + Level 4.2 Slings
 + Level 4.2 Bows
 + Level 4.2 Crossbows
 + Level 4.2 Throwing
 + Level 7.9(10.2) Armour
 + Level 4.2 Dodging
 + Level 4.2 Stealth
 + Level 7.9(9.4) Shields
 + Level 4.2 Unarmed Combat
 + Level 4.2 Spellcasting
 + Level 3.5 Conjurations
 + Level 3.5 Hexes
 + Level 3.5 Charms
 + Level 3.5 Summonings
 + Level 3.5 Necromancy
 + Level 3.5 Translocations
 + Level 3.5 Transmutations
 + Level 3.5 Fire Magic
 + Level 3.5 Ice Magic
 + Level 3.5 Air Magic
 + Level 3.5 Earth Magic
 + Level 3.5 Poison Magic
 + Level 4.7 Invocations
 + Level 4.2 Evocations


You had 16 spell levels left.
You didn't know any spells.
Your spell library contained the following spells:

 Spells                   Type           Power        Failure   Level  Hunger
 Sandblast                Erth           ##....       61%         1    None
 Corpse Rot               Necr/Air       N/A          75%         2    ##.....
 Passwall                 Tmut/Erth      ##......     75%         2    ##.....
 Stone Arrow              Conj/Erth      ##....       93%         3    ###....
 Petrify                  Tmut/Erth      ##......     100%        4    ####...
 Lee's Rapid Deconstruct  Erth           ##........   100%        5    ######.
 Summon Forest            Summ/Tloc      ##........   100%        5    ######.
 Eringya's Noxious Bog    Tmut/Pois      ##........   100%        6    #######
 Hydra Form               Tmut           ##........   100%        6    #######
 Summon Hydra             Summ           ##........   100%        7    #######


Dungeon Overview and Level Annotations

Branches:
Dungeon (9/15)             Temple (0/1) D:6
   Lair: D:8-11         Orc: D:9-12

Altars:
Ashenzari
Elyvilon
Fedhas
Hepliaklqana
Kikubaaqudgha
Makhleb
Nemelex Xobeh
Qazlal
Sif Muna
Trog
Wu Jian
Xom
Yredelemnul
Zin

Shops:
D:4 [(

Annotations:
D:3 1 runed translucent door, Scuka's ghost, amateur DsGl
D:8 3 runed translucent doors, Esekla's ghost, novice OpVM


Innate Abilities, Weirdness & Mutations

Your experience applies equally to all skills.
You have very sharp teeth.
Your uncanny sense of smell can sniff out nearby items.


Message History

The two-headed ogre shouts in stereo!
Found a stone staircase leading up.
There is a stone staircase leading up here.
Evoke which item? (* to show all) (? for menu, Esc to quit)
Okay, then.
A gnoll comes into view. It is wielding a +0 halberd of flaming.
The gnoll shouts!
A gnoll comes into view. It is wielding a +0 flail.
A gnoll comes into view. It is wielding a +0 club.
The gnoll shouts! x2
Evoke which item? (* to show all) (? for menu, Esc to quit)
Aiming: Paralyse
Press: ? - help, Shift-Dir - straight line, f/p - two-headed ogre
Aim: a two-headed ogre, wielding two +0 giant clubs (lightly wounded, chance to defeat MR: 41%)
The two-headed ogre resists with some effort.
The two-headed ogre hits you with a +0 giant club.
* * * LOW HITPOINT WARNING * * *
The two-headed ogre closely misses you.
The two-headed ogre hits you with a +0 giant club!
You die...

,#. #.#.# #.#..
, #.# *
#....#*# ..#
#.# #.#.
##.###### * #.#
#.###........
#.# #.......# *
#.# #.####..# *
#.####.......#
* * ,
*#O@OO.<......#
,,
#.####.####..#
,,∆ #.# #.#
#..# ,, , #.#
#.# #..# ,,
*#g#*
#.####.<#####.


#gg ..........>... , ##. ###.....###### * *. #.##.## .# #. #. You could see 3
two-headed ogres and 2 gnolls.

Vanquished Creatures
  Pikel (D:5)
  Duvessa (D:5)
  An orc warrior (D:8)
  A phantom (D:5)
  2 sky beasts
  A slave (D:5)
  3 ogres
  2 bullfrogs (D:7)
  Dowan (D:5)
  A scorpion (D:5)
  A water moccasin skeleton (D:8)
  3 howler monkeys (D:7)
  A bullfrog zombie (D:5)
  2 quasits
  2 jellies
  4 hounds
  2 orc priests
  A bullfrog skeleton (D:5)
  3 orc wizards
  3 iguanas
  4 worker ants
  2 worker ant zombies
  10 adders
  12 gnolls
  A shadow imp (D:8)
  An ooze (D:4)
  An adder skeleton (D:4)
  10 dart slugs
  2 leopard geckos (D:5)
  23 orcs
  7 giant cockroaches
  7 goblins
  5 hobgoblins
  2 jackals (D:3)
  6 quokkas
  A ball python (D:5)
  9 bats
  11 frilled lizards
  A jackal skeleton (D:5)
  5 kobolds (D:3)
  10 rats
166 creatures vanquished.

Vanquished Creatures (others)
  A slave (D:5)
  A human (D:3)
2 creatures vanquished.

Grand Total: 168 creatures vanquished

Notes
Turn   | Place    | Note
-------+----------+-------------------------------------------
     0 | D:1      | MisterFreud the Gnoll Fighter began the quest for the Orb.
     0 | D:1      | Reached XP level 1. HP: 23/23 MP: 1/1
   401 | D:1      | Reached XP level 2. HP: 29/29 MP: 2/2
   754 | D:2      | Reached XP level 3. HP: 28/35 MP: 3/3
   967 | D:2      | Reached skill level 1 in Invocations
  1203 | D:2      | Reached skill level 1 in Long Blades
  1203 | D:2      | Reached skill level 1 in Axes
  1203 | D:2      | Reached skill level 1 in Maces & Flails
  1203 | D:2      | Reached skill level 1 in Polearms
  1203 | D:2      | Reached skill level 1 in Staves
  1203 | D:2      | Reached skill level 1 in Slings
  1203 | D:2      | Reached skill level 1 in Bows
  1203 | D:2      | Reached skill level 1 in Crossbows
  1203 | D:2      | Reached skill level 1 in Throwing
  1203 | D:2      | Reached skill level 1 in Dodging
  1203 | D:2      | Reached skill level 1 in Stealth
  1203 | D:2      | Reached skill level 1 in Unarmed Combat
  1203 | D:2      | Reached skill level 1 in Spellcasting
  1203 | D:2      | Reached skill level 1 in Evocations
  1245 | D:2      | Noticed a moth of wrath
  1247 | D:2      | Found a bloodstained altar of Trog.
  1256 | D:2      | Reached XP level 4. HP: 38/41 MP: 5/5
  1330 | D:3      | Found an ornate altar of the Wu Jian Council.
  1330 | D:3      | Found a stormy altar of Qazlal.
  1375 | D:3      | Found an ancient bone altar of Kikubaaqudgha.
  1375 | D:3      | Noticed a human
  1378 | D:3      | Killed a human
  1428 | D:3      | Reached skill level 1 in Conjurations
  1428 | D:3      | Reached skill level 1 in Hexes
  1428 | D:3      | Reached skill level 1 in Charms
  1428 | D:3      | Reached skill level 1 in Summonings
  1428 | D:3      | Reached skill level 1 in Necromancy
  1428 | D:3      | Reached skill level 1 in Translocations
  1428 | D:3      | Reached skill level 1 in Transmutations
  1428 | D:3      | Reached skill level 1 in Fire Magic
  1428 | D:3      | Reached skill level 1 in Ice Magic
  1428 | D:3      | Reached skill level 1 in Air Magic
  1428 | D:3      | Reached skill level 1 in Earth Magic
  1428 | D:3      | Reached skill level 1 in Poison Magic
  1491 | D:3      | Found a hazy altar of Hepliaklqana.
  1590 | D:3      | Reached XP level 5. HP: 37/47 MP: 6/6
  1980 | D:3      | Found a runed translucent door.
  1986 | D:3      | Noticed Scuka's ghost (amateur DsGl)
  2391 | D:4      | Reached XP level 6. HP: 41/53 MP: 8/8
  2452 | D:4      | Found a shattered altar of Ashenzari.
  2569 | D:4      | Became a worshipper of Ashenzari the Shackled
  2621 | D:4      | Reached skill level 5 in Short Blades
  2736 | D:4      | Found a blossoming altar of Fedhas.
  2749 | D:4      | Reached XP level 7. HP: 45/59 MP: 10/10
  2849 | D:4      | Found Dofoo's Antique Armour Emporium.
  2858 | D:4      | Bought a transparent robe for 171 gold pieces
  2874 | D:4      | Found Raluuxt's Antique Weapon Emporium.
  2895 | D:4      | Found a basalt altar of Yredelemnul.
  3269 | D:4      | Found a burning altar of Makhleb.
  3274 | D:4      | Found an ancient bone altar of Kikubaaqudgha.
  3348 | D:4      | Found a shimmering blue altar of Sif Muna.
  3495 | D:4      | Found a sparkling altar of Nemelex Xobeh.
  3497 | D:4      | Found an ancient bone altar of Kikubaaqudgha.
  3497 | D:4      | Found a glowing silver altar of Zin.
  3499 | D:4      | Found a white marble altar of Elyvilon.
  3499 | D:4      | Found a sparkling altar of Nemelex Xobeh.
  3499 | D:4      | Found a shimmering altar of Xom.
  3633 | D:5      | Entered Level 5 of the Dungeon
  3653 | D:5      | Noticed Pikel
  3688 | D:5      | Paralysed by Pikel for 7 turns
  3699 | D:5      | Paralysed by Pikel for 2 turns
  3707 | D:5      | Killed Pikel
  3707 | D:5      | Reached XP level 8. HP: 33/67 MP: 10/12
  3754 | D:5      | Noticed Duvessa
  3754 | D:5      | Noticed Dowan
  3767 | D:5      | Killed Duvessa
  3804 | D:5      | Killed Dowan
  4452 | D:6      | Reached * piety under Ashenzari
  4677 | D:6      | Found a staircase to the Ecumenical Temple.
  5213 | D:7      | Reached XP level 9. HP: 69/72 MP: 14/14
  6447 | D:8      | Reached ** piety under Ashenzari
  6650 | D:8      | Found a runed translucent gate.
  6650 | D:8      | Found a runed translucent gate.
  6650 | D:8      | Found a runed translucent gate.
  6652 | D:8      | Noticed Esekla's ghost (novice OpVM)
  6705 | D:8      | Found a sparkling altar of Nemelex Xobeh.
  6780 | D:9      | Noticed a two-headed ogre
  6794 | D:9      | HP: 1/74 [two-headed ogre/+0 giant club (15)]
  6798 | D:9      | Noticed a two-headed ogre
  6800 | D:9      | Noticed a two-headed ogre
  6812 | D:9      | HP: 1/74 [two-headed ogre/+0 giant club (4)]
  6812 | D:9      | Mangled by a two-headed ogre

Levels and vault maps discovered:
D:1:      lemuel_arrival_broad_hall, layout_loops_corners
D:2:      layout_basic, tgw_trog
D:3:      layout_loops_ring, lemuel_round_altar, grunt_temple_overflow_open,
          ebering_ghost_inner_flame, tgw_kikubaaqudgha
D:4:      kennysheep_slugbush, layout_loops_ring, doesnt_xom_only_xom,
          kennysheep_little_box, lemuel_doored_altar, lemuel_blue_sif_altar,
          minitemple, serial_shops, nicolae_shop_behind_doors,
          nicolae_shop_overgrown_old_shop, nicolae_ashenzari_panopticon
D:5:      layout_loops_cross, first_ration, uniq_duvessa, uniq_pikel
D:6:      layout_gridville, minmay_temple_entry_statues, minmay_holes
D:7:      layout_basic
D:8:      layout_loops_ring, nemelex_xobeh_ov_fountains_minmay,
          ebering_ghost_rock_garden, grunt_ogre_cave
D:9:      layout_loops_ring, special_room [special_room_orc], minivault_1,
          patterned_corridor

Skill      XL: |  1  2  3  4  5  6  7  8  9 |
---------------+----------------------------+-----
Invocations    | 1 2 3 4 |  4.7
Long Blades    | 1 2 3 4 |  4.2
Axes           | 1 2 3 4 |  4.2
Maces & Flails | 1 2 3 4 |  4.2
Polearms       | 1 2 3 4 |  4.2
Staves         | 1 2 3 4 |  4.2
Slings         | 1 2 3 4 |  4.2
Bows           | 1 2 3 4 |  4.2
Crossbows      | 1 2 3 4 |  4.2
Throwing       | 1 2 3 4 |  4.2
Dodging        | 1 2 3 4 |  4.2
Stealth        | 1 2 3 4 |  4.2
Unarmed Combat | 1 2 3 4 |  4.2
Spellcasting   | 1 2 3 4 |  4.2
Evocations     | 1 2 3 4 |  4.2
Conjurations   | 1 2 3 |  3.5
Hexes          | 1 2 3 |  3.5
Charms         | 1 2 3 |  3.5
Summonings     | 1 2 3 |  3.5
Necromancy     | 1 2 3 |  3.5
Translocations | 1 2 3 |  3.5
Transmutations | 1 2 3 |  3.5
Fire Magic     | 1 2 3 |  3.5
Ice Magic      | 1 2 3 |  3.5
Air Magic      | 1 2 3 |  3.5
Earth Magic    | 1 2 3 |  3.5
Poison Magic   | 1 2 3 |  3.5
Short Blades   | 5 6 |  6.3
Fighting       | 7 |  7.9
Armour         | 7 |  7.9
Shields        | 7 |  7.9

Action                   |  1- 3 |  4- 6 |  7- 9 || total
-------------------------+-------+-------+-------++-------
Melee: Rapier            |    81 |   124 |       ||   205
       Bite              |     7 |    34 |    84 ||   125
       Short sword       |       |   145 |   637 ||   782
Invok: Curse Item        |       |     2 |     1 ||     3
Evoke: Wand              |       |       |     4 ||     4
  Use: Potion            |       |       |     2 ||     2
       Scroll            |       |       |     7 ||     7
  Eat: Chunk             |     1 |     5 |    13 ||    19
Armor: Scale mail        |    19 |    85 |   113 ||   217
       Chain mail        |       |       |    56 ||    56
Dodge: Dodged            |    12 |    75 |   177 ||   264
Block: Kite shield       |    27 |   137 |   292 ||   456

Table legend:
 A = Non-vault XP
 B = Vault XP
 C = Vault XP percentage of total XP
 D = Non-vault monster count
 E = Vault monster count
 F = Vault count percentage of total count
                 A         B        C        D         E       F
            +---------+---------+-------+---------+---------+-------
      Total |    2647 |     961 |  26.6 |     148 |      17 |  10.3
            +---------+---------+-------+---------+---------+-------
        D:1 |      14 |       0 |   0.0 |       8 |       0 |   0.0
        D:2 |      63 |       5 |   7.4 |      18 |       5 |  21.7
        D:3 |     157 |       0 |   0.0 |      37 |       0 |   0.0
        D:4 |     525 |      32 |   5.7 |      23 |       8 |  25.8
        D:5 |     500 |     806 |  61.7 |      20 |       3 |  13.0
        D:6 |     159 |       0 |   0.0 |      12 |       0 |   0.0
        D:7 |     683 |       0 |   0.0 |      18 |       0 |   0.0
        D:8 |     458 |     118 |  20.5 |       9 |       1 |  10.0
        D:9 |      88 |       0 |   0.0 |       3 |       0 |   0.0
            +---------+---------+-------+---------+---------+-------
